 Dungeon Crawl Stone Soup version 0.28-a0-512-g960c72b710 (webtiles) character file.

Game seed: 14743652914251972638

4971 Lekart the Martial Artist (level 10, -4/77 HPs)
             Began as a Red Draconian Necromancer on Sept 22, 2021.
             Was a Follower of Kikubaaqudgha.
             Slain by a gnoll sergeant (5 damage)
             ... on level 9 of the Dungeon.
             The game lasted 00:21:45 (9097 turns).

Lekart the Martial Artist (DrNe)                    Turns: 9097, Time: 00:21:45

Health: -4/77      AC:  9    Str: 12    XL:     10   Next: 28%
Magic:  20/20      EV: 19    Int: 15    God:    Kikubaaqudgha [*.....]
Gold:   185        SH:  5    Dex: 21    Spells: 12/22 levels left

rFire   . . .      SeeInvis +     - Unarmed
rCold   . . .      Faith    .   (no shield)
rNeg    . . .      Spirit   .   (armour unavailable)
rPois   .          Reflect  +   (helmet restricted)
rElec   .          Harm     .   (no cloak)
rCorr   +          Rampage  .   b - +1 pair of gloves
Will    .....                   (no boots)
Stlth   +++.......              e - amulet of Xuceliy {Reflect rF- rCorr Dex+7 SH+5}
HPRegen 0.22/turn               s - +4 ring of evasion
MPRegen 0.17/turn               n - ring of see invisible

@: no status effects
A: breathe fire, AC +7, unfitting armour, fire resistance 1, cold-blooded
a: Breathe Fire, Renounce Religion, Receive Corpses


You were on level 9 of the Dungeon.
You worshipped Kikubaaqudgha.
Kikubaaqudgha was aware of your devotion.
You visited 2 branches of the dungeon, and saw 8 of its levels.

You collected 185 gold pieces.

Inventory:

Hand Weapons
 q - a +2 scimitar of flaming
Missiles
 j - 4 throwing nets
Armour
 b - a +1 pair of gloves (worn)
Jewellery
 e - the amulet of Xuceliy (around neck) {Reflect rF- rCorr Dex+7 SH+5}
   (You acquired it on level 3 of the Dungeon)

   [amulet of reflection]

   It reflects blocked missile attacks.
   Dex:       It affects your dexterity (+7).
   rF:        It makes you vulnerable to fire.
   rCorr:     It protects you from acid and corrosion.
   SH:        It affects your SH (+5).
 n - a ring of see invisible (right hand)
 s - a +4 ring of evasion (left hand)
Wands
 a - a wand of paralysis (3)
 h - a wand of digging (1)
 k - a wand of iceblast (5)
 o - a wand of mindburst (13)
 p - a wand of polymorph (6)
 r - a wand of acid (3)
Scrolls
 c - 5 scrolls of teleportation
 i - 2 scrolls of identify
 l - a scroll of blinking
 t - a scroll of fog {unknown}
Potions
 d - 2 potions of lignification
 f - 3 potions of brilliance {unknown}
 g - 2 potions of curing
 m - a potion of berserk rage {unknown}
 u - a potion of haste {unknown}


   Skills:
 + Level 3.0 Fighting
 + Level 5.4 Dodging
 - Level 2.6 Stealth
 + Level 3.0 Shields
 + Level 8.3 Unarmed Combat
 * Level 6.8 Spellcasting
 * Level 7.9 Necromancy
 + Level 2.6 Evocations


You had 12 spell levels left.
You knew the following spells:

 Your Spells              Type           Power      Damage    Failure   Level
a - Pain                  Necr           100%       1d9       1%          1
b - Animate Dead          Necr           14%        N/A       5%          4
c - Vampiric Draining     Necr           14%        2d8       1%          3
d - Passwall              Tmut/Erth      4%         N/A       21%         2

Your spell library contained the following spells:

 Spells                   Type           Power      Damage    Failure   Level
 Animate Skeleton         Necr           56%        N/A       1%          1
 Sublimation of Blood     Necr           14%        N/A       1%          2
 Agony                    Necr           28%        N/A       14%         5
 Swiftness                Air            5%         N/A       38%         3
 Hailstorm                Conj/Ice       5%         3d4       80%         4
 Ice Form                 Ice/Tmut       5%         N/A       80%         4
 Simulacrum               Ice/Necr       8%         N/A       99%         6
 Invisibility             Hex            2%         N/A       100%        6


Dungeon Overview and Level Annotations

Branches:
Dungeon (9/15)             Temple (1/1) D:7
   Lair: D:8-11         Orc: D:9-12

Altars:
Ashenzari
Dithmenos
Fedhas
Gozag
Hepliaklqana
Kikubaaqudgha
Makhleb
Nemelex Xobeh
Okawaru
Qazlal
Ru
Uskayaw
Vehumet
Wu Jian
Xom
Yredelemnul
Zin
The Shining One

Shops:
D:1 =:([(

Annotations:
D:2 1 runed translucent door, Crazy Yiuf


Innate Abilities, Weirdness & Mutations

You can breathe blasts of fire.
Your fiery red scales are hard. (AC +7)
You cannot fit into any form of body armour.
Your flesh is heat resistant. (rF+)
You are cold-blooded and may be slowed by cold attacks.


Message History

The centaur warrior is severely wounded.
The centaur warrior is engulfed in blazing flames.
The centaur warrior hits you!
* * * LOW HITPOINT WARNING * * *
The centaur warrior kicks you but does no damage.
You hit the centaur warrior. You tail-slap the centaur warrior.
You kill the centaur warrior!
Kikubaaqudgha accepts your kill.
Your Fighting skill increases to level 3!
Your Shields skill increases to level 3!
The six-headed hydra is engulfed in blazing flames.
The gnoll sergeant is engulfed in blazing flames.
The deep elf pyromancer mumbles some strange words.
A gnoll comes into view. It is wielding a +0 whip.
Found a stone staircase leading down.
Okay, then.
You have got your breath back.
A white ugly thing comes into view.
A howler monkey zombie comes into view.
Found a dagger.
The white ugly thing gurgles horribly!
A centaur zombie comes into view.
The white ugly thing completely misses you.
A centaur comes into view.
It is wielding a +3 spectral quarterstaff.
The howler monkey zombie barely misses you.
A gargoyle comes into view. It is wielding a +0 flail.
The six-headed hydra closely misses you.
The six-headed hydra completely misses you.
The six-headed hydra bites you.
* * * LOW HITPOINT WARNING * * *
The six-headed hydra barely misses you.
The six-headed hydra completely misses you.
The six-headed hydra bites you.
* * * LOW HITPOINT WARNING * * *
The gargoyle moves out of view.
You see here a +0 dagger.
The gnoll sergeant hits you with the +7 battleaxe "Lega" {vorpal, rF+ Str+6}!
* * * LOW HITPOINT WARNING * * *
You die...
Kikubaaqudgha rasps: "You have failed me!
Welcome... death!"

#.#####.# #.# #.#
........########.###
.######.○...........
#..°..........
#.............
#...☼.........
#....☼........
#..Z.gE.....c.
#.Z.uD@.......
#.............
#.............
##############


You could see a six-headed hydra, a white ugly thing, a fire elemental
(summoned), a gnoll sergeant, a centaur (wandering), a centaur zombie
(wandering) and a howler monkey zombie.

Vanquished Creatures
  Harold (D:7)
  A centaur warrior (D:9)
  Erica (D:8)
  Pikel (D:7)
  A gargoyle (D:9)
  A hornet (D:7)
  A troll (D:7)
  Grum (D:8)
  A steam dragon (D:7)
  2 water moccasins
  A hornet zombie (D:8)
  2 orc warriors (D:8)
  2 centaurs
  An ice beast (D:7)
  3 wolves (D:8)
  A phantom (D:4)
  A kobold brigand (D:8)
  A scorpion (D:7)
  A bullfrog zombie (D:7)
  A centaur zombie (D:7)
  4 jellies
  2 hounds
  An orc priest (D:8)
  A centaur skeleton (D:7)
  2 gnoll shamans
  Jessica (D:2)
  Terence (D:2)
  8 gnolls
  A white imp (D:7)
  2 worms
  An adder skeleton (D:4)
  A dart slug (D:1)
  11 orcs
  6 bats
  3 endoplasms
  3 giant cockroaches (D:2)
  10 goblins
  6 hobgoblins
  4 quokkas
  6 ball pythons (D:1)
  2 frilled lizards
  10 kobolds
  7 rats
118 creatures vanquished.

Notes
Turn   | Place    | Note
-------+----------+-------------------------------------------
     0 | D:1      | Lekart the Draconian Necromancer began the quest for the
                  | Orb.
     0 | D:1      | Reached XP level 1. HP: 14/14 MP: 3/3
   531 | D:1      | Found Biynle Wepeg's Antique Weapon Shoppe.
   563 | D:1      | Reached XP level 2. HP: 15/20 MP: 5/5
   671 | D:1      | Found Myuc's Armour Boutique.
   682 | D:1      | Found Lolouly's Book Shop.
  1011 | D:1      | Found Uwogox's Jewellery Shop.
  1076 | D:1      | Found a faded altar of an unknown god.
  1215 | D:1      | Reached skill level 1 in Unarmed Combat
  1259 | D:1      | Found Waastuo's Weapon Shoppe.
  1523 | D:1      | Reached XP level 3. HP: 21/26 MP: 6/6
  2086 | D:2      | Noticed Jessica
  2295 | D:2      | Killed Jessica
  2332 | D:2      | Reached XP level 4. HP: 34/34 MP: 7/7
  2386 | D:2      | Noticed Terence
  2435 | D:2      | Killed Terence
  2813 | D:2      | Reached skill level 2 in Unarmed Combat
  3173 | D:2      | Found a runed translucent door.
  3174 | D:2      | Noticed Crazy Yiuf
  3307 | D:3      | Learned a level 4 spell: Animate Dead
  3673 | D:3      | Found a hide-covered altar of Uskayaw.
  4242 | D:3      | Found an opulent altar of Gozag.
  4321 | D:3      | Found a glowing silver altar of Zin.
  4424 | D:3      | Identified a scroll of acquirement
  4424 | D:3      | Acquired the amulet of Xuceliy {Reflect rF- rCorr Dex+7
                  | SH+5}
  4462 | D:4      | Noticed a phantom
  4631 | D:4      | Reached XP level 5. HP: 35/39 MP: 8/8
  4678 | D:4      | Killed a phantom
  4679 | D:4      | Reached skill level 3 in Unarmed Combat
  4693 | D:4      | Reached XP level 6. HP: 28/46 MP: 9/9
  4882 | D:4      | You fall into a shaft and drop 3 floors!
  4882 | D:7      | Noticed a hornet
  4912 | D:7      | Killed a hornet
  4913 | D:7      | Reached skill level 1 in Fighting
  4913 | D:7      | Reached skill level 4 in Unarmed Combat
  4913 | D:7      | Reached skill level 5 in Necromancy
  4913 | D:7      | Reached skill level 1 in Evocations
  5020 | D:7      | Your scales start taking on a fiery red colour.
  5020 | D:7      | Reached XP level 7. HP: 49/52 MP: 11/11
  5020 | D:7      | Gained mutation: Your flesh is heat resistant. (rF+) [Red
                  | Draconian growth]
  5084 | D:7      | Reached skill level 1 in Shields
  5238 | D:7      | Noticed a steam dragon
  5242 | D:7      | Found a staircase to the Ecumenical Temple.
  5249 | D:7      | Killed a steam dragon
  5265 | Temple   | Entered the Ecumenical Temple
  5565 | Temple   | Became a worshipper of Kikubaaqudgha
  5600 | D:7      | Learned a level 3 spell: Vampiric Draining
  5627 | D:7      | Noticed Harold
  5676 | D:7      | Killed Harold
  5677 | D:7      | Reached skill level 6 in Unarmed Combat
  5677 | D:7      | Reached XP level 8. HP: 51/61 MP: 12/14
  5784 | D:7      | Found an ornate altar of the Wu Jian Council.
  5784 | D:7      | Found a blossoming altar of Fedhas.
  6203 | D:7      | Noticed Pikel
  6211 | D:7      | Killed Pikel
  6212 | D:7      | Reached skill level 7 in Unarmed Combat
  6212 | D:7      | Reached XP level 9. HP: 30/67 MP: 11/16
  7000 | D:8      | Reached skill level 5 in Spellcasting
  7026 | D:8      | Noticed Erica
  7032 | D:8      | Killed Erica
  7422 | D:8      | Noticed Grum
  7853 | D:8      | Reached skill level 5 in Dodging
  7868 | D:8      | Killed Grum
  7869 | D:8      | Reached skill level 8 in Unarmed Combat
  8377 | D:9      | Noticed a gargoyle
  8497 | D:9      | Killed a gargoyle
  8498 | D:9      | Reached XP level 10. HP: 67/75 MP: 19/19
  8939 | D:8      | Reached * piety under Kikubaaqudgha
  8939 | D:8      | Received a gift from Kikubaaqudgha
  8992 | D:9      | Learned a level 2 spell: Passwall
  9045 | D:9      | Identified the +7 battleaxe "Lega" {vorpal, rF+ Str+6}
  9050 | D:9      | Noticed a centaur warrior
  9051 | D:9      | Noticed a six-headed hydra
  9052 | D:9      | Noticed a deep elf pyromancer
  9069 | D:9      | Killed a centaur warrior
  9087 | D:9      | Noticed a white ugly thing
  9096 | D:9      | Noticed a gargoyle
  9097 | D:9      | HP: 1/77 [gnoll sergeant (15)]
  9097 | D:9      | Slain by a gnoll sergeant

Illustrated notes

Levels and vault maps discovered:
D:1:      onia_arrival_pyramid, layout_basic, serial_shops, shop, shop, shop,
          shop, nicolae_shop_stone, shapermc_ecumenical_altar_notcrosses,
          serial_corexii_hall, corexii_hall_statues_x, corexii_hall_statues_s
D:2:      layout_loops_ring, minmay_misc_feat_columns, minmay_crystal_water,
          kennysheep_generic_room_15, uniq_terence, uniq_crazy_yiuf_cottage,
          uniq_jessica
D:3:      layout_loops_ring, pdpol_temple_overflow_zin_treasury_gozag_greed,
          nicolae_overflow_hidden_temple, minmay_goblin_outpost
D:4:      layout_cave_pools
D:7:      layout_basic, gammafunk_temple_overflow_wave,
          minmay_temple_entry_glass, uniq_pikel, uniq_harold
D:8:      layout_gridville, uniq_grum, uniq_erica
D:9:      minmay_the_grid_square_5x5_3x3 [minmay_the_grid_square_5x5_n_small,
          minmay_the_grid_square_5x5_checkered,
          minmay_the_grid_square_5x5_six_small,
          minmay_the_grid_square_5x5_shuriken,
          minmay_the_grid_square_5x5_megaprize_crossed,
          minmay_the_grid_square_5x5_seven, minmay_the_grid_square_5x5_six,
          minmay_the_grid_square_5x5_hourglass,
          minmay_the_grid_square_5x5_one_wall], layout_small_grid,
          nicolae_elyvilon_peaceful_grove, eino_house_with_fridge
Temple:   nicolae_temple_figure_eight

Skill      XL: |  1  2  3  4  5  6  7  8  9 10 |
---------------+-------------------------------+-----
Dodging        | 2 3 4 5 |  5.4
Unarmed Combat | 1 2 3 4 6 7 8 |  8.3
Stealth        | 2 |  2.6
Fighting       | 1 2 3 |  3.0
Spellcasting   | 3 4 6 |  6.8
Necromancy     | 5 6 7 |  7.9
Evocations     | 1 2 |  2.6
Shields        | 1 2 3 |  3.0

Action                   |  1- 3 |  4- 6 |  7- 9 | 10-12 || total
-------------------------+-------+-------+-------+-------++-------
Melee: Unarmed           |   181 |   206 |   169 |    25 ||   581
       Tailslap          |    21 |    22 |    26 |     4 ||    73
       Punch             |     1 |     3 |    10 |     1 ||    15
 Cast: Pain              |    15 |     6 |     4 |     2 ||    27
       Vampiric Draining |       |       |     9 |    10 ||    19
 Abil: Breathe Fire      |       |       |    13 |     4 ||    17
Evoke: Wand              |       |    15 |     1 |       ||    16
  Use: Scroll            |     4 |     4 |     5 |       ||    13
       Potion            |     2 |       |       |       ||     2
 Stab: Sleeping          |     2 |     4 |     2 |       ||     8
       Paralysed         |       |    32 |     2 |       ||    34
Armor: Skin              |    44 |    75 |    45 |     8 ||   172
Dodge: Dodged            |   105 |   111 |   128 |    69 ||   413
Block: Other             |       |    11 |    40 |    21 ||    72
       Reflection        |       |       |     2 |       ||     2

Table legend: (Time is in decaauts)
 A = Elapsed time spent in this place.
 B = Non-inter-level travel time spent in this place.
 C = Inter-level travel time spent in this place.
 D = Time resting spent in this place.
 E = Time spent auto-exploring this place.
 F = Levels seen in this place.
 G = Mean time per level.
                   A        B        C        D        E       F      G
               +--------+--------+--------+--------+--------+-----+--------+
         Total |   9076 |   8931 |    145 |   3704 |   3599 |   8 | 1134.5 |
       Dungeon |   8746 |   8630 |    116 |   3622 |   3405 |   7 | 1249.4 |
        Temple |    329 |    300 |     29 |     82 |    194 |   1 |  329.0 |
               +--------+--------+--------+--------+--------+-----+--------+

Top non-repeatable levels by time:
     D:8: 2034 daAuts
     D:1: 1934 daAuts
     D:7: 1656 daAuts
     D:2: 1357 daAuts
     D:3: 1313 daAuts
  Temple: 329 daAuts
     D:4: 276 daAuts
     D:9: 174 daAuts
